 Dungeon Crawl Stone Soup version 0.21-a0-516-gaaff437 (webtiles) character file.

4666 Gerstahl the Prestidigitator (level 10, 0/82 HPs)
             Began as a Demonspawn Artificer on Dec 3, 2017.
             Was a Follower of Ashenzari.
             Succumbed to a hornet's poison
             ... on level 8 of the Dungeon.
             The game lasted 00:17:54 (9271 turns).

Gerstahl the Prestidigitator (Demonspawn Artificer) Turns: 9271, Time: 00:17:55

Health: 0/82       AC:  7    Str: 14    XL:     10   Next: 20%
Magic:  1/16       EV: 13    Int: 17    God:    Ashenzari [*.....]
Gold:   365        SH:  0    Dex: 22    Spells: 9/9 levels left

rFire    + . .     SeeInvis .   a - +1 short sword
rCold    . . .     Gourm    .   (no shield)
rNeg     . . .     Faith    .   b - +0 leather armour
rPois    .         Spirit   +   (no helmet)
rElec    .         Reflect  .   (no cloak)
rCorr    .         Harm     .   J - +1 pair of gloves
MR       .....                  (no boots)
Stlth    ++........             l - amulet of guardian spirit
HPRegen  0.23/turn              s - +6 ring of dexterity
MPRegen  0.15/turn              C - +1 ring of evasion

@: brilliant, lethally poisoned (0 -> -21)
A: hooves 1, yellow scales 1, fire resistance 1, spiny 3
a: Curse Item, Scrying, Renounce Religion


You were on level 8 of the Dungeon.
You worshipped Ashenzari.
Ashenzari was aware of your devotion.
You were hungry.

You visited 2 branches of the dungeon, and saw 9 of its levels.
You also visited: Ossuary.

You collected 365 gold pieces.

Inventory:

Hand Weapons
 a - a +1 short sword (weapon)
Armour
 b - a +0 leather armour (worn)
 J - a +1 pair of gloves (worn)
Jewellery
 j - an uncursed ring of magical power
 l - an amulet of guardian spirit (around neck)
 n - an uncursed ring of protection from fire
 s - a +6 ring of dexterity (left hand)
 w - an uncursed ring of stealth
 C - a +1 ring of evasion (right hand)
 M - a +2 ring of intelligence
Wands
 d - a wand of enslavement (11)
 e - a wand of random effects (9)
 k - a wand of polymorph (13)
 H - a wand of scattershot (3)
 N - a wand of acid (7)
Scrolls
 i - 10 scrolls of remove curse
 m - 5 scrolls of identify
 p - a scroll of noise {unknown}
 q - a scroll of immolation {unknown}
 t - 2 scrolls of enchant weapon
 u - a scroll of random uselessness {unknown}
 v - 3 scrolls of teleportation
 y - 7 scrolls of amnesia
 A - 4 scrolls of fog {unknown}
 B - 2 scrolls of fear {unknown}
 F - 3 scrolls of magic mapping {unknown}
 G - a scroll of torment {unknown}
 I - a scroll of summoning {unknown}
 K - a scroll of blinking {unknown}
Potions
 c - a potion of cancellation
 g - 2 potions of brilliance
 r - 3 potions of haste {unknown}
 x - 3 potions of flight {unknown}
 z - 3 potions of degeneration {unknown}
 D - a potion of mutation {unknown}
 E - 2 potions of agility {unknown}
 L - 2 potions of might {unknown}
Books
 o - a book of Cantrips

   Spells                             Type                      Level
   a - Confusing Touch                Hexes                        1
   b - Animate Skeleton               Necromancy                   1
   c - Summon Small Mammal            Summoning                    1
   d - Apportation                    Translocation                1
Comestibles
 f - 5 bread rations
 h - 5 meat rations


   Skills:
 + Level 8.7 Fighting
 + Level 8.0 Short Blades
 - Level 1.7 Dodging
 - Level 0.8 Stealth
 + Level 9.3 Evocations


You had 9 spell levels left.
You didn't know any spells.

Dungeon Overview and Level Annotations

Branches:
Dungeon (8/15)             Temple (1/1) D:4
   Lair: D:8-11

Altars:
Ashenzari
Dithmenos
Fedhas
Gozag
Makhleb
Qazlal
Uskayaw
The Shining One


Innate Abilities, Weirdness & Mutations

You have large cloven feet.
You are partially covered in yellow scales. (AC +2)
Your flesh is heat resistant. (rF+)
You are completely covered in sharp spines.


Message History

The hornet stings you but does no damage.
The hornet stings you.
* * * LOW HITPOINT WARNING * * *
You are more poisoned.
You feel as though you will be slow longer.
You can move again.
Okay, then.
Okay, then.
It was a potion of cancellation.
Your magical effects are unravelling.
You feel magically purged.
You feel yourself speed up.
* * * LOW HITPOINT WARNING * * *
You feel very sick. The hornet is struck by your spines.
You kill the hornet!
Your Short Blades skill increases to level 8!
It was a potion of brilliance.
You feel clever all of a sudden.
You die...

#.......# #.#
#######.# #.#
.#####
######.#####.#
......
..............#
.#####
###.###.#####.#
#.# #.# #.# #.#
#.# #.#########
####### #.#
#..@.......
#...... #.#
#.#########
####### #. #.#
..# ..## #..
... ###.


There were no monsters in sight!

Vanquished Creatures
  A two-headed ogre (D:8)
  The ghost of darxusza the Chopper, a novice GnWn (D:7)
  The ghost of theanonym the Covert, a novice GnAs of Zin (D:6)
  Grinder (D:5)
  A hornet (D:8)
  A hippogriff (D:7)
  A hungry ghost (D:7)
  Menkaure (D:4)
  Duvessa (D:7)
  6 ogres
  2 black bears
  A phantom (D:7)
  2 centaurs
  Blork the orc (D:4)
  Dowan (D:7)
  4 water moccasin zombies (Ossuary)
  2 scorpions
  A howler monkey (D:6)
  2 crimson imps
  3 hounds
  2 bullfrog skeletons
  An orc wizard (D:6)
  An orc priest (D:7)
  Natasha (thrice) (D:3)
  Terence (D:2)
  An iguana (D:4)
  3 worker ants
  4 big kobold zombies (Ossuary)
  2 mummies (Ossuary)
  4 adders
  A howler monkey skeleton (D:7)
  5 adder zombies (Ossuary)
  3 adder skeletons
  A worm (D:2)
  2 dart slugs (D:1)
  2 leopard geckos
  10 orcs
  3 ball pythons
  A giant cockroach (D:3)
  5 gnoll zombies (Ossuary)
  5 goblins (D:1)
  4 hobgoblins (D:1)
  10 jackals
  4 kobolds
  6 quokkas
  6 bats
  4 frilled lizards
  3 hobgoblin zombies (Ossuary)
  6 kobold zombies (Ossuary)
  4 orc zombies (Ossuary)
  A quokka skeleton (D:4)
  A quokka zombie (D:5)
  2 rats
145 creatures vanquished.

Vanquished Creatures (collateral kills)
  An orc priest (D:7)
1 creature vanquished.

Grand Total: 146 creatures vanquished

Notes
Turn   | Place    | Note
-------+----------+-------------------------------------------
     0 | D:1      | Gerstahl the Demonspawn Artificer began the quest for the Orb.
     0 | D:1      | Reached XP level 1. HP: 15/15 MP: 3/3
   102 | D:1      | Reached skill level 1 in Short Blades
   207 | D:1      | Gained mutation: You are partially covered in sharp spines. [demonic ancestry]
   207 | D:1      | Reached XP level 2. HP: 4/21 MP: 4/4
  1035 | D:1      | Gained mutation: Your flesh is heat resistant. (rF+) [demonic ancestry]
  1035 | D:1      | Reached XP level 3. HP: 27/27 MP: 5/5
  1702 | D:2      | Noticed Terence
  1730 | D:2      | Killed Terence
  1778 | D:2      | Gained mutation: You have large cloven feet. [demonic ancestry]
  1778 | D:2      | Reached XP level 4. HP: 14/33 MP: 6/6
  2797 | D:3      | Reached skill level 4 in Evocations
  2861 | D:3      | Noticed Natasha
  2863 | D:3      | Found a shadowy altar of Dithmenos.
  2876 | D:3      | Killed Natasha
  2876 | D:3      | Reached XP level 5. HP: 26/40 MP: 8/8
  3006 | D:3      | Noticed Natasha
  3012 | D:3      | Killed Natasha
  3202 | D:3      | Noticed Natasha
  3229 | D:3      | Killed Natasha
  3370 | D:4      | HP: 2/41 [poisoned by a worker ant]
  3693 | D:4      | Gained mutation: You are mostly covered in sharp spines. [demonic ancestry]
  3693 | D:4      | Reached XP level 6. HP: 35/47 MP: 9/9
  3779 | D:4      | Noticed a hungry ghost
  3956 | D:4      | Noticed Blork the orc
  3965 | D:4      | Killed Blork the orc
  3965 | D:4      | Reached skill level 5 in Evocations
  3985 | D:4      | Found a staircase to the Ecumenical Temple.
  3994 | Temple   | Entered the Ecumenical Temple
  4019 | Temple   | Became a worshipper of Ashenzari the Shackled
  4524 | D:4      | Noticed Menkaure
  4538 | D:4      | Killed Menkaure
  4538 | D:4      | Gained mutation: You are partially covered in yellow scales. (AC +2) [demonic ancestry]
  4538 | D:4      | Reached XP level 7. HP: 13/55 MP: 4/11
  4945 | D:5      | Entered Level 5 of the Dungeon
  4965 | D:5      | Found a sand-covered staircase.
  4972 | Ossuary  | Entered an ossuary
  5301 | Ossuary  | Reached skill level 5 in Fighting
  5471 | Ossuary  | Reached skill level 6 in Evocations
  5826 | D:5      | Noticed Grinder
  5953 | D:4      | Reached XP level 8. HP: 48/62 MP: 8/12
  5962 | D:5      | Reached skill level 5 in Short Blades
  6004 | D:5      | Killed Grinder
  6163 | D:5      | Found a stormy altar of Qazlal.
  6359 | D:5      | Reached * piety under Ashenzari
  6575 | D:6      | Noticed theanonym's ghost (novice GnAs)
  6639 | D:6      | Killed theanonym's ghost
  6639 | D:6      | Reached skill level 7 in Evocations
  6764 | D:6      | Found a hide-covered altar of Uskayaw.
  6787 | D:6      | Reached XP level 9. HP: 50/71 MP: 9/14
  7606 | D:7      | Reached skill level 8 in Evocations
  7851 | D:7      | Noticed darxusza's ghost (novice GnWn)
  7853 | D:7      | Noticed Dowan
  7959 | D:7      | Noticed Duvessa
  7984 | D:7      | Killed Duvessa
  7998 | D:7      | Killed Dowan
  8569 | D:7      | Killed darxusza's ghost
  9029 | D:8      | Noticed a two-headed ogre
  9040 | D:8      | Killed a two-headed ogre
  9040 | D:8      | Reached skill level 9 in Evocations
  9040 | D:8      | Gained mutation: You are completely covered in sharp spines. [demonic ancestry]
  9040 | D:8      | Reached XP level 10. HP: 82/82 MP: 16/16
  9267 | D:8      | Paralysed by a hornet for 3 turns
  9270 | D:8      | HP: 2/82 [poisoned by a hornet]
  9271 | D:8      | Succumbed to a hornet's poison

Vault maps used:
D:1:      minmay_arrival_widening_spiral_narrow
D:2:      lightli_corner_chamber, uniq_terence
D:3:      grunt_dithmenos_smoke, minmay_misc_feat_alley, uniq_natasha
D:4:      minmay_temple_entry_mist, uniq_menkaure, uniq_blork_the_orc
D:5:      nicolae_qazlal_general_emergency, nicolae_ossuary_entry_ruins,
          first_bread, uniq_grinder
D:6:      lemuel_round_altar
D:7:      uniq_duvessa
D:8:      nicolae_overflow_hidden_temple
Temple:   minmay_crystal_spiral_temple
Ossuary:  ossuary_tomb_2

Skill      XL: |  1  2  3  4  5  6  7  8  9 10 |
---------------+-------------------------------+-----
Short Blades   | 1 2 3 4 6 7 8 |  8.0
Fighting       | 2 3 4 5 6 8 |  8.7
Evocations     | 4 5 6 7 9 |  9.3
Dodging        | |  1.7
Stealth        | |  0.8

Action                   |  1- 3 |  4- 6 |  7- 9 | 10-12 || total
-------------------------+-------+-------+-------+-------++-------
Melee: Short sword       |   110 |   122 |   327 |    12 ||   571
       Kick              |       |    40 |   144 |     7 ||   191
Evoke: Wand              |     4 |    12 |    10 |     1 ||    27
  Use: Potion            |       |     1 |     3 |     2 ||     6
       Scroll            |       |       |     3 |       ||     3
 Stab: Sleeping          |     1 |     1 |     2 |       ||     4
       Paralysed         |       |       |     3 |       ||     3
  Eat: Chunk             |     3 |    10 |     4 |       ||    17
       Fruit             |       |       |     6 |       ||     6
       Bread ration      |       |       |     1 |       ||     1
       Royal jelly       |       |       |     1 |       ||     1
Armor: Leather armour    |    17 |    23 |    59 |     3 ||   102
Dodge: Dodged            |    62 |    57 |   146 |     6 ||   271

Table legend:
 A = Spawn XP
 B = Non-spawn XP
 C = Spawn XP percentage of total XP
 D = Spawn monster count
 E = Non-spawn monster count
 F = Spawn count percentage of total count
 G = Total turns spent on level
                    A         B        C        D         E        F      G
               +---------+---------+-------+---------+---------+-------+---------
         Total |       0 |    6666 |   0.0 |       0 |     144 |   0.0 |  9271
               +---------+---------+-------+---------+---------+-------+---------
           D:1 |       0 |      47 |   0.0 |       0 |      23 |   0.0 |  1503
           D:2 |       0 |      67 |   0.0 |       0 |      10 |   0.0 |  1221
           D:3 |       0 |     166 |   0.0 |       0 |      14 |   0.0 |   637
           D:4 |       0 |     687 |   0.0 |       0 |      18 |   0.0 |  1652
           D:5 |       0 |     501 |   0.0 |       0 |       6 |   0.0 |   709
           D:6 |       0 |     928 |   0.0 |       0 |      12 |   0.0 |   628
           D:7 |       0 |    2159 |   0.0 |       0 |      18 |   0.0 |  1719
           D:8 |       0 |    1637 |   0.0 |       0 |      12 |   0.0 |   405
       Ossuary |       0 |     474 |   0.0 |       0 |      31 |   0.0 |   746
               +---------+---------+-------+---------+---------+-------+---------
